[Event "*** Titled Tuesday 3|2 Blitz"]
[Site "Chess.com"]
[Date "2017.03.07"]
[Round "2"]
[White "P0ubelle"]
[Black "quesfr"]
[Result "1-0"]
[WhiteElo "2048"]
[BlackElo "2157"]
[TimeControl "180+2"]
[EndTime "13:23:54 PST"]
[Termination "P0ubelle won by resignation"]

1. e4 e6 2. d4 d5 3. Nd2 c5 4.
Ngf3 Nc6 5. exd5 exd5 6. Bb5 Qe7+ 7. Kf1 Nf6 8. Ne5 Bd7 9. Nxd7 Qxd7 10. Nf3 Bd6 11.
dxc5 Bxc5 12. Qe2+ Qe6 13. Qxe6+ fxe6 14. Ne5 Rc8 15.
f3 Ke7 16. Nxc6+ bxc6 17. Bd3 Rb8 18. b3 Bd4 19. Rb1 Rhf8 20. Ke2 Kd6 21. c4 e5 22. Be3 Bxe3 23. Kxe3 e4 24. fxe4 Nxe4 25. Bxe4 Rbe8 26. cxd5 cxd5 27. Rhf1 Rxe4+ 28. Kd3 Rfe8 29. Rbd1 Re3+ 30.
Kc2 R8e7 31. Rf5 Re2+ 32. Rd2 Rxd2+ 33. Kxd2 Kc5 34. Kd3 a5 35. Rf8 Kb4 36. Ra8 Rf7 37. Ke3 Re7+ 38. Kd3 Rf7 39. Ke3 d4+ 40. Kxd4 Rf2 41.
a3+ Kxa3 42. Rxa5+ Kxb3 43. Rg5 g6 44. Ke3 Rf7 45. Rc5 Kb4 46. Rc8 Kb5 47. Ke2 Kb6 48. Ke3 Kb7 49. Rc2 Rf5 50. Ke4 Kb6 51. g4 Rf7 52. h4 Kb7 53. Rc4 Kb6 54. Ke5 Kb7 55.
Ke6 Rf1 56. Kd6 Kb6 57. Ke5 Rh1 58. g5 Kb5 59. Rf4 Kc5 60. Kf6 Kd5 61. Kg7 Ke5 62. Ra4 Kf5 63. Kxh7 Rh2 64. Ra5+ Ke6 65. Kxg6 Rxh4 66.
Rf5 Ke7 67. Rf6 Rg4 68. Rf5 Rg1 69. Rf6 Rg2 70. Rf3 Rg1 71. Kh6 Rh1+ 72. Kg7 Rg1 73. Re3+ Kd7 74. g6 Rg2 75. Re5 Kd6 76. Kf6 Rf2+ 77. Rf5 Rxf5+ 78. Kxf5 Ke7 79. Kg5 Kf8 80. Kh6 Kg8 81. g7 1-0

[Event "*** Titled Tuesday 3|2 Blitz"]
[Site "Chess.com"]
[Date "2017.03.07"]
[Round "2"]
[White "Feegus"]
[Black "arna"]
[Result "0-1"]
[WhiteElo "2381"]
[BlackElo "2254"]
[TimeControl "180+2"]
[EndTime "13:24:00 PST"]
[Termination "arna won by checkmate"]

1. Nf3 Nf6 2. g3 b5 3. Bg2 Bb7 4. O-O c5 5. d4 cxd4 6. Qxd4 e6 7. Bf4 d6 8. Qd3 a6 9. Nbd2 h6 10. e4 e5 11. Be3 Qc7 12. h3 Be7 13. a4 bxa4 14.
Rxa4 O-O 15. Nh4 Rd8 16. Nf5 Bf8 17. Rc4 Qd7 18. Bb6 Re8 19. Ne3 Bc6 20. Rc3 Bb5 21.
Ndc4 Qb7 22. Ba5 Nc6 23. Qd2 Nd4 24. Nd5 Nxd5 25. exd5 f5 26. b4 Rac8 27. Ne3 Rxc3 28. Re1 Rcc8 29. g4 f4 30. Nf5 Nxf5 31. gxf5 Be7 32. f6 Bxf6 33. Be4 Qf7 34. Qd1 Kh8 35. Qg4 Bd7 36. Qf3 g5 37. Kh2 g4 38. hxg4 Rg8 39. Rg1 Qg7 40. Qh3 Qg5 41. f3 Bb5 42. Rh1 Kg7 43.
Kg2 Rc3 44. Qh2 Rgc8 45. Kg1 Re3 46. Qd2 Rxe4 47. Rh5 Qg6 48. fxe4 Qxg4+ 49. Qg2 Qxg2+ 50. Kxg2 Rxc2+ 51. Kg1 f3 52. Rh2 Rc1+ 53. Kf2 Be2 54. Kg3 Bg5 55. Bb6 Bf4+ 56. Kg4 Bxh2 57. b5 f2+ 58.
Kh3 f1=Q+ 59. Kxh2 Qf4+ 60. Kh3 Bg4+ 61. Kh4 Bf5+ 62.
Kh5 Qg5# 0-1

[Event "*** Titled Tuesday 3|2 Blitz"]
[Site "Chess.com"]
[Date "2017.03.07"]
[Round "2"]
[White "gkchesstiger"]
[Black "KNVB"]
[Result "1-0"]
[WhiteElo "2670"]
[BlackElo "2493"]
[TimeControl "180+2"]
[EndTime "13:24:04 PST"]
[Termination "gkchesstiger won by resignation"]

1. d4 Nf6 2. Nf3 e6 3. Bf4 c5 4.
e3 b6 5. Nbd2 Bb7 6. h3 Be7 7. c3 O-O 8. Bd3 d6 9. O-O Nbd7 10.
Qe2 Qc7 11. e4 cxd4 12. cxd4 Rac8 13. Bh2 Qb8 14. Rfe1 Qa8 15. Nb1 b5 16. a4 bxa4 17. Rxa4 Nb6 18. Ra1 Rfd8 19. Nc3 g6 20. Nb5 a6 21. Nc3 a5 22. Bf4 d5 23. e5 Ne4 24.
Nxe4 dxe4 25. Bxe4 Bxe4 26. Qxe4 Qxe4 27. Rxe4 Bb4 28.
Bg5 Rd7 29. h4 Rc2 30. b3 Rc3 31. Rb1 Nd5 32. h5 Be7 33. Bd2 Rc6 34. Bxa5 Rb7 35. Bd2 Rcb6 36. Rc1 Rb8 37. Bg5 Bxg5 38. Nxg5 h6 39. Nf3 g5 40. Nd2 Ra8 41. g3 Ra2 42. Nc4 Rxb3 43. Ree1 Ra8 44. Nd6 Rab8 45. Ne4 Kg7 46. Kg2 R3b4 47. Red1 Rb2 48. Rd2 Rxd2 49. Nxd2 Rb4 50. Nc4 f6 51. exf6+ Nxf6 52. Ne5 Rxd4 53. Rc7+ Kg8 54. Rc6 Nxh5 55. Rxe6 Kg7 56. Rg6+ Kh7 57. Ra6 Kg7 58. Ra7+ Kg8 59. Ng6 Rd6 60. Ne7+ Kf8 61. Nf5 Rg6 62. Rh7 Rf6 63. Nxh6 Ng7 64. Rh8+ Ke7 65.
Ng8+ 1-0

[Event "*** Titled Tuesday 3|2 Blitz"]
[Site "Chess.com"]
[Date "2017.03.07"]
[Round "2"]
[White "proxy6"]
[Black "chessbia"]
[Result "1/2-1/2"]
[WhiteElo "2141"]
[BlackElo "2121"]
[TimeControl "180+2"]
[EndTime "13:24:04 PST"]
[Termination "Game drawn by repetition"]

1. e4 e5 2. Nf3 Nc6 3. Bb5 a6 4. Ba4 Nf6 5. O-O Be7 6. Re1 b5 7.
Bb3 d6 8. c3 O-O 9. h3 Bb7 10.
d4 Nd7 11. Nbd2 Re8 12. Nf1 exd4 13. cxd4 Bf6 14. Bf4 Na5 15. Bc2 Nf8 16. Rc1 c5 17.
d5 Nc4 18. b3 Nb2 19. Qd2 b4 20.
Bg5 a5 21. Bb1 c4 22. bxc4 Na4 23. Bxf6 Qxf6 24. Qc2 Nc3 25. e5 dxe5 26. a3 Rac8 27. axb4 axb4 28. Qb3 e4 29. N3h2 Qd4 30. Qxb4 Rxc4 31. Qxb7 Ne2+ 32. Rxe2 Rxc1 33. Ba2 Qd3 34. Re3 Qc2 35. Bb3 Qc7 36. Qxc7 Rxc7 37. g3 f5 38. Kg2 Kh8 39. Nd2 Nd7 40. f3 Rb7 41. fxe4 fxe4 42. Ng4 Nc5 43. Bc4 h5 44. Nf2 Rb2 45. Nb3 Rf8 46.
Re2 Rxe2 47. Bxe2 Nd3 48. Nxd3 exd3 49. Bxd3 Rd8 50. Be4 Kg8 51. Kf3 g5 52. Ke3 Kf7 53. Nd4 Kf6 54. Nc6 Rd6 55. Kd4 g4 56. hxg4 hxg4 57.
Kc5 Rd7 58. d6 Ke6 59. Nd4+ Ke5 60. Bf5 Rxd6 61. Nc6+ Rxc6+ 62. Kxc6 Kxf5 63. Kd5 Kf6 64. Ke4 Kg5 65. Ke5 Kh5 66. Kf5 Kh6 67. Kxg4 Kg6 68. Kf4 Kf6 69. Kg4 Kg6 70. Kf4 Kf6 71. Kg4 Kg6 72. Kf4 1/2-1/2

[Event "*** Titled Tuesday 3|2 Blitz"]
[Site "Chess.com"]
[Date "2017.03.07"]
[Round "2"]
[White "TomsKantans"]
[Black "macko06"]
[Result "0-1"]
[WhiteElo "2495"]
[BlackElo "2328"]
[TimeControl "180+2"]
[EndTime "13:24:21 PST"]
[Termination "macko06 won by resignation"]

1. e4 e5 2. Nf3 Nc6 3. Bb5 a6 4. Ba4 Nf6 5. O-O Be7 6. Re1 b5 7. Bb3 d6 8. c3 O-O 9. d4 Bg4 10.
Be3 Bh5 11. h3 exd4 12. cxd4 d5 13. e5 Ne4 14. Nbd2 Qd7 15. Rc1 Na5 16. Qc2 Nxb3 17. axb3 Rac8 18. Nxe4 dxe4 19. Qxe4 Bg6 20. Qc6 Rfd8 21.
Qxa6 Qd5 22. Nd2 c6 23. Qb7 Bb4 24. Red1 Bh5 25. f3 Bg6 26. Nf1 Qxb3 27. Bg5 Rf8 28. d5 Bc2 29. Rxc2 Qxc2 30. Rc1 Qxb2 31. Rxc6 Rxc6 32.
dxc6 Qxe5 33. c7 Bc5+ 34. Kh1 Qe2 35. c8=Q Qxf1+ 36. Kh2 Bd6+ 37. f4 Bxf4+ 38. Bxf4 Qxf4+ 39. Kg1 Qe3+ 40. Kf1 Qd3+ 41. Kf2 Qd4+ 42. Kf3 Qd3+ 43. Kf2 Qd4+ 44. Kf1 Qd1+ 45. Kf2 Qd4+ 46. Ke2 Qb2+ 47. Kf3 Qa3+ 48. Kg4 Rxc8 49. Qxc8+ Qf8 50. Qb7 b4 51. h4 g6 52. h5 gxh5+ 53. Kxh5 Qc5+ 54. Kh4 Qd4+ 55. g4 Kg7 56. Kh5 Qe5+ 57. Kh4 Qh2+ 58. Kg5 h6+ 59. Kf5 Qc2+ 60. Kf4 b3 61. Qb4 Qc1+ 62. Kg3 Qe3+ 63. Kg2 Qd3 64. Qc5 Qc2+ 0-1

[Event "*** Titled Tuesday 3|2 Blitz"]
[Site "Chess.com"]
[Date "2017.03.07"]
[Round "2"]
[White "CM_Perligero"]
[Black "Tirantes"]
[Result "1-0"]
[WhiteElo "2123"]
[BlackElo "2218"]
[TimeControl "180+2"]
[EndTime "13:24:29 PST"]
[Termination "CM_Perligero won by resignation"]

1. e4 e5 2. Nf3 Nc6 3. Bb5 a6 4. Ba4 Nf6 5. O-O Be7 6. Re1 b5 7.
Bb3 d6 8. c3 O-O 9. d4 Bg4 10.
d5 Na5 11. Nbd2 c6 12. dxc6 Qc7 13. Bd5 Nxc6 14. Nf1 Nxd5 15. exd5 Na5 16. Ne3 Bd7 17. Qd3 f5 18. Qd2 f4 19. Nc2 Nc4 20. Qd1 Bf5 21. Nb4 Bd7 22. b3 Na5 23. Bb2 Nb7 24. Rc1 Nc5 25. c4 a5 26. Nd3 Nxd3 27. Qxd3 Bf5 28. Qd2 bxc4 29. Rxc4 Qd7 30. Rec1 Rfc8 31.
Rxc8+ Rxc8 32. Qxa5 Rxc1+ 33. Bxc1 Be4 34. Nd2 Bf5 35. Nc4 g5 36. Ba3 Be4 37. Qa8+ Kg7 38. f3 Bd3 39. Qc6 Qa7+ 40. Qb6 Qa8 41. Qa5 Qb7 42.
Bxd6 Bxc4 43. Bxe5+ Kf7 44. bxc4 Qb1+ 45. Kf2 Qc2+ 46.
Ke1 Qc1+ 47. Ke2 Qc2+ 48. Qd2 Qxc4+ 49. Kd1 Qf1+ 50. Kc2 Qc4+ 51. Bc3 Bb4 52. d6 Qxa2+ 53. Kd3 Qd5+ 54. Kc2 Qxd6 55. Bxb4 Qc6+ 56. Qc3 Qxc3+ 57.
Kxc3 Ke6 58. Kd4 Kf5 59. Kd5 h5 60. Bd6 g4 61. h3 gxf3 62. gxf3 Kg5 63. Be7+ Kf5 64.
Bh4 Kg6 65. Ke5 Kf7 66. Kxf4 Ke6 67. Kg5 Ke5 68. f4+ Ke6 69. Kg6 Kd7 70. f5 Ke8 71. Kg7 1-0

[Event "*** Titled Tuesday 3|2 Blitz"]
[Site "Chess.com"]
[Date "2017.03.07"]
[Round "2"]
[White "kleinebeer98"]
[Black "Mepetmepe"]
[Result "1/2-1/2"]
[WhiteElo "2447"]
[BlackElo "2340"]
[TimeControl "180+2"]
[EndTime "13:24:32 PST"]
[Termination "Game drawn - insufficient material"]

1. e4 c5 2. Nf3 d6 3. d4 cxd4 4.
Nxd4 Nf6 5. Nc3 a6 6. Rg1 e5 7. Nb3 Be6 8. f4 Be7 9. f5 Bxb3 10. axb3 Nc6 11. Be3 Nb4 12. Bc4 b5 13. Bd5 Nbxd5 14. Nxd5 O-O 15. Nxf6+ Bxf6 16. g4 Bh4+ 17.
Kf1 Bg5 18. Qd2 Bxe3 19. Qxe3 d5 20. Rd1 d4 21. Qd2 Rc8 22. g5 f6 23. gxf6 Rxf6 24.
Qg5 Qe7 25. c3 h6 26. Qg3 Rd8 27. Rg2 Rf7 28. Rgd2 Qb7 29. Qg2 Rfd7 30. cxd4 exd4 31. Qf3 Qc7 32. Kg2 Qe5 33. Kh1 Re8 34. Re1 Rf7 35. Rdd1 Kh8 36. b4 g6 37. Qf2 d3 38. Rxd3 gxf5 39.
Rf3 f4 40. Rc3 Rg8 41. Rc5 Qg7 42. Rg1 Qxg1+ 43. Qxg1 Rxg1+ 44. Kxg1 Re7 45. e5 Kg7 46.
Kf2 Kg6 47. Kf3 Kf5 48. e6+ Kxe6 49. Kxf4 Kd6 50. Rh5 Re6 51. Kf5 Kd7 52. h4 Rd6 53. Ke5 Kc6 54. Ke4 Kb6 55. Rf5 Rc6 56. Kf3 a5 57.
bxa5+ Kxa5 58. Kg4 Rc2 59. Kh5 Rxb2 60. Kxh6 Rh2 61. h5 Ka4 62. Kg7 b4 63. h6 b3 64.
Rf8 b2 65. Rb8 Ka3 66. h7 Ka2 67. Ra8+ Kb1 68. Ra6 Rxh7+ 69. Kxh7 Kc2 70. Rc6+ Kd2 71. Rb6 Kc2 72. Kg6 b1=Q 73. Rxb1 Kxb1 1/2-1/2

[Event "*** Titled Tuesday 3|2 Blitz"]
[Site "Chess.com"]
[Date "2017.03.07"]
[Round "2"]
[White "morphy1984"]
[Black "GMBenjaminBok"]
[Result "1-0"]
[WhiteElo "2485"]
[BlackElo "2643"]
[TimeControl "180+2"]
[EndTime "13:24:52 PST"]
[Termination "morphy1984 won by resignation"]

1. e4 c5 2. Nf3 d6 3. d4 cxd4 4.
Nxd4 Nf6 5. Nc3 a6 6. Bg5 Nbd7 7.
Qe2 h6 8. Bh4 g6 9. f4 e5 10.
O-O-O Qc7 11. fxe5 dxe5 12. Nb3 b5 13. Kb1 Bb7 14. Nd5 Bxd5 15. exd5 Bg7 16. g4 O-O 17.
Bg2 Qd6 18. g5 hxg5 19. Bxg5 a5 20. Nd2 a4 21. Ne4 Nxe4 22. Qxe4 a3 23. b3 Nc5 24.
Qh4 Rfe8 25. Rhf1 e4 26. Bf6 Ra7 27. Bxg7 Kxg7 28. Qf4 Rd7 29. Qe3 Qe5 30. Qd4 e3 31. Rfe1 Rd6 32. Re2 Qxd4 33. Rxd4 f5 34. h4 Kf6 35. c4 bxc4 36. Rxc4 Nd7 37. Kc2 Re7 38. b4 Nb6 39. Rc6 Rxc6+ 40. dxc6 f4 41. Kd3 Ke5 42. Bf3 Re6 43. Rc2 Rd6+ 44. Ke2 Rd8 45. c7 Rd2+ 46. Rxd2 exd2 47. Kxd2 Kd6 48. Be4 Kxc7 49. Bxg6 Nd5 50. Kc2 f3 51. Kb3 f2 52. Bd3 Ne3 53. Kxa3 f1=Q 54.
Bxf1 Nxf1 55. h5 Nd2 56. h6 Nc4+ 57. Kb3 Ne5 58. h7 Nf7 59. a4 Kc6 60. Kc4 Ne5+ 61. Kd4 Nf7 62. b5+ Kb6 63. Kd5 Kc7 64. a5 Kb7 65.
Kc5 Kc7 66. a6 Nh8 67. b6+ Kb8 68. Kc6 Nf7 69. a7+ Ka8 70. Kc7 Nd8 71. b7+ 1-0

[Event "*** Titled Tuesday 3|2 Blitz"]
[Site "Chess.com"]
[Date "2017.03.07"]
[Round "2"]
[White "maciek_92"]
[Black "attack2mateU"]
[Result "1-0"]
[WhiteElo "2540"]
[BlackElo "2338"]
[TimeControl "180+2"]
[EndTime "13:24:55 PST"]
[Termination "maciek_92 won by resignation"]

1. c4 e5 2. g3 Nc6 3. Bg2 Nf6 4.
Nc3 Bc5 5. e3 a6 6. Nge2 Ba7 7.
d4 O-O 8. h3 d6 9. O-O Bf5 10.
Kh2 h5 11. d5 Ne7 12. e4 Bd7 13. f4 Ng6 14. f5 Ne7 15. Bg5 Nh7 16. Bd2 g6 17. g4 hxg4 18. hxg4 f6 19. Ng3 Rf7 20. Qc1 Nf8 21. Be3 Rh7+ 22. Kg1 Bxe3+ 23. Qxe3 g5 24. Kf2 Be8 25. Rh1 c5 26. Rxh7 Nxh7 27. Bf1 Rb8 28. Bd3 b5 29. b3 bxc4 30. Bxc4 Bb5 31. Qd3 Qa5 32. Nge2 Nf8 33. Rh1 Kg7 34. Qh3 Bxc4 35.
bxc4 Rb2 36. Qd3 Qa3 37. Rb1 Nc8 38. Ke3 Nb6 39. Rh1 Qb4 40. Kf2 Qxc4 41. Qh3 Qd4+ 42.
Kf1 Qd2 43. Qh8+ Kf7 44. Rh7+ Nxh7 45. Qxh7+ Ke8 46. Qg8+ Kd7 47. Qe6+ Kc7 48. Qxf6 Nc4 49. Qe7+ Kb6 50. Qd8+ Ka7 51. Qc7+ Rb7 52. Qc6 Ne3+ 53. Kf2 Nxg4+ 54. Kg3 Nf6 55. Qxd6 Qe3+ 56. Kg2 Nxe4 57. Nxe4 Qxe4+ 58. Kf2 Qc4 59. Qxe5 a5 60. f6 g4 61. Kg3 Qd3+ 62. Kxg4 Rb4+ 63. Nf4 Qg6+ 64. Qg5 Qxg5+ 65. Kxg5 c4 66. f7 Rb8 67. Ne6 c3 68. Nd4 Kb6 69.
Kf6 Kc5 70. Ke5 c2 71. Nxc2 Rf8 72. Ke6 Ra8 73. d6 a4 74. d7 Kc6 75. Ke7 Kc7 76.
Nd4 Rh8 77. Ne6+ Kc6 1-0

[Event "*** Titled Tuesday 3|2 Blitz"]
[Site "Chess.com"]
[Date "2017.03.07"]
[Round "2"]
[White "kikydu96"]
[Black "RobertoJBM"]
[Result "1-0"]
[WhiteElo "2320"]
[BlackElo "2391"]
[TimeControl "180+2"]
[EndTime "13:24:56 PST"]
[Termination "kikydu96 won on time"]

1. e4 c6 2. d4 d5 3. Nc3 dxe4 4.
Nxe4 Nd7 5. Ng5 h6 6. Ne6 Qb6 7. Nxf8 Nxf8 8. Nf3 Bg4 9. c3 Nf6 10. Bd3 N8d7 11. h3 Bxf3 12. Qxf3 e5 13. dxe5 Nxe5 14. Qe2 O-O 15. O-O Nxd3 16. Qxd3 Rad8 17. Qf3 Rd6 18. Bf4 Re6 19. b3 Rfe8 20. Rad1 Qa5 21. a4 Qf5 22. c4 g5 23. Be3 Qxf3 24. gxf3 a6 25. Kh2 Nh5 26. Rd7 R6e7 27. Rfd1 Nf6 28. Rxe7 Rxe7 29. h4 Nh7 30. Rg1 f6 31. f4 Rg7 32.
f5 Re7 33. Rd1 Nf8 34. Kg3 Rd7 35. Rxd7 Nxd7 36. Bd4 h5 37. hxg5 fxg5 38. Be3 Kf7 39. Bxg5 Nc5 40. b4 Nxa4 41. Kh4 Nb2 42. c5 Nc4 43. Kxh5 Ne5 44. Bd2 Nd3 45. f3 Ne5 46. f4 Nc4 47. Bc3 Ne3 48. Kg5 Nd5 49. Bd2 Nf6 50. Be1 Ne4+ 51. Kg4 Nf6+ 52. Kf3 Nd5 53.
Ke4 Ke7 54. Ke5 Kf7 55. Kd6 Nxf4 56. Kc7 Nd3 57. Bc3 a5 58. bxa5 Nxc5 59. Kb6 Na4+ 60. Kxb7 Nxc3 61. Kxc6 Na2 62. Kc5 Nc3 63. a6 Ne4+ 64.
Kc6 Ng3 65. a7 Nxf5 66. a8=Q Nd4+ 67. Kd5 Ne6 68. Qb7+ Nc7+ 69. Qxc7+ 1-0

[Event "*** Titled Tuesday 3|2 Blitz"]
[Site "Chess.com"]
[Date "2017.03.07"]
[Round "2"]
[White "Malev212"]
[Black "DeviatkinAndrey"]
[Result "1-0"]
[WhiteElo "2473"]
[BlackElo "2544"]
[TimeControl "180+2"]
[EndTime "13:25:19 PST"]
[Termination "Malev212 won by resignation"]

1. d4 d5 2. c4 c6 3. Nc3 Nf6 4.
e3 a6 5. Nf3 e6 6. Bd2 c5 7. b3 Nc6 8. cxd5 exd5 9. Be2 cxd4 10. Nxd4 Nxd4 11. exd4 Bd6 12. O-O h6 13. Bf3 Be6 14.
Ne2 Bg4 15. Bxg4 Nxg4 16. Bf4 O-O 17. Qd3 Re8 18. Bxd6 Qxd6 19. Ng3 g6 20. Rac1 Rac8 21. Qd2 Kg7 22. f3 Nf6 23. Rfe1 b6 24. Nf1 Rxe1 25.
Rxe1 Qc7 26. Ne3 Qc3 27. Rd1 Qxd2 28. Rxd2 h5 29. h4 Kf8 30. Kf2 Ke7 31. Rd1 Kd6 32. Ke2 a5 33. Kd3 b5 34. a3 b4 35.
axb4 axb4 36. Kd2 Ra8 37. Nc2 Ra2 38. Rb1 Ng8 39. Kd3 Ne7 40. g4 hxg4 41. fxg4 f5 42. h5 fxg4 43. h6 Ra8 44. Nxb4 Rh8 45. Rg1 Rxh6 46.
Rxg4 Nf5 47. Nc2 Ke6 48. b4 Kf6 49. Rg1 Rh3+ 50. Kd2 Rb3 51. Ra1 Ng3 52. Ra5 Ne4+ 53. Kc1 g5 54. Rxd5 g4 55. Re5 Nf2 56. Kd2 g3 57. Ne3 Kg6 58. Re8 Rxb4 59. d5 Kf7 60.
Re5 Re4 61. Rg5 Ke7 62. Rxg3 Rd4+ 63. Kc3 Ne4+ 64. Kxd4 Nxg3 65. Ke5 Kd7 66. Nc4 Ne2 67. Nb6+ Kc7 68. Na4 Kd7 69. Nc5+ Kc7 70. d6+ Kc6 71. Ne4 Kd7 72. Nf6+ Kd8 73. Nd5 Ng3 74. Nf4 Kd7 75. Ne6 Nf1 76. Nc5+ Kd8 77. Ke6 Ne3 78. d7 Kc7 79. Nb7 1-0

[Event "*** Titled Tuesday 3|2 Blitz"]
[Site "Chess.com"]
[Date "2017.03.07"]
[Round "2"]
[White "Blitzstream"]
[Black "igorkovalenko"]
[Result "0-1"]
[WhiteElo "2493"]
[BlackElo "2683"]
[TimeControl "180+2"]
[EndTime "13:25:39 PST"]
[Termination "igorkovalenko won by resignation"]

1. d4 Nf6 2. Bg5 e6 3. e4 h6 4. Bxf6 Qxf6 5. c3 d5 6. Nd2 Qd8 7. Ngf3 Be7 8. Bd3 O-O 9. O-O c5 10. Qe2 Nc6 11. Rad1 cxd4 12. cxd4 Nb4 13. Bb1 b6 14.
exd5 exd5 15. Rfe1 Bd6 16. a3 Ba6 17. Qe3 Nc6 18. Ne5 Rc8 19. Ndf3 Rc7 20. Qf4 Ne7 21. Qg4 Bc8 22. Qh5 Be6 23. g4 f6 24. Ng6 Bf7 25. Nfh4 Re8 26. Kg2 Qc8 27. Re3 Bf4 28.
Rxe7 Rcxe7 29. Nxe7+ Rxe7 30. Qf5 Qxf5 31. Nxf5 Rc7 32.
Kf3 Bc1 33. Ne7+ Kf8 34. Ng6+ Ke8 35. Nh8 Bxb2 36. Nxf7 Kxf7 37. Rd3 Ke6 38. Ke3 Kd6 39. Rb3 Bc1+ 40. Ke2 Bf4 41. Bf5 Bxh2 42. Re3 Re7 43. Rxe7 Kxe7 44. Kd3 Bd6 45. a4 Bb4 46. f3 Kf7 47. Bd7 g6 48. Bc6 Ke6 49. Be8 g5 50.
Bg6 Kd6 51. Be8 Be1 52. Bb5 Ke6 53. Ba6 Kd6 54. Bb5 Bb4 55. Be8 Ke6 56. Bg6 Bf8 57. Bf5+ Kd6 58. Bg6 a6 59. Be8 f5 60. Kc3 Bg7 61. Kd3 fxg4 62. fxg4 Bf6 63. Ke3 Kc7 64. Kd3 Kd6 65. Ke3 Be7 66. Kd3 Ke6 67. Bc6 Bd8 68. Bb7 b5 69. axb5 axb5 70. Bc6 b4 71.
Ba4 Bf6 72. Bd1 Kd6 73. Bb3 h5 74. gxh5 g4 75. Ke3 Bg5+ 76. Kf2 Bf4 77. Bd1 g3+ 78. Kf3 Ke6 79. h6 Kf7 80. Bb3 Kg6 81. Bxd5 Bd6 82. Bb3 Kxh6 83. Bc2 Kg5 84. Bb3 Kh4 85. Be6 Bc7 86. Kg2 Bb6 87. d5 Bc7 88. Bf5 b3 89.
Kf3 b2 90. Kg2 Bd6 91. Kf3 Bc7 92. Kg2 Kg5 93. Bb1 Kf4 94. Bc2 Ke3 95. Bb1 Kd2 96. Bf5 Bd6 97. Be4 Kc1 98. Bf5 b1=Q 99. Bxb1 Kxb1 100. Kf3 Kc2 101. Kg2 Kd3 102. Kh1 Kd4 103. Kg2 Kxd5 104. Kh1 Ke5 105. Kg2 Kf5 106. Kh1 Kg4 107. Kg2 Be7 108. Kh1 Kh3 109. Kg1 Bc5+ 110. Kf1 g2+ 0-1

[Event "*** Titled Tuesday 3|2 Blitz"]
[Site "Chess.com"]
[Date "2017.03.07"]
[Round "2"]
[White "SabinaFoisor"]
[Black "peteseeger"]
[Result "1/2-1/2"]
[WhiteElo "2158"]
[BlackElo "2095"]
[TimeControl "180+2"]
[EndTime "13:26:05 PST"]
[Termination "Game drawn by repetition"]

1. d4 f5 2. g3 Nf6 3. Bg2 g6 4. Nh3 d6 5. d5 c6 6. c4 Na6 7. dxc6 Rb8 8. O-O Nc5 9. Nc3 bxc6 10. Bxc6+ Bd7 11. Bg2 Bg7 12. Nd5 O-O 13. Rb1 Nfe4 14.
Qc2 e6 15. Ndf4 a5 16. Nd3 e5 17. Nxc5 Nxc5 18. b3 f4 19. gxf4 Qh4 20. Ng5 exf4 21. Nf3 Qh5 22. Qd2 Ne4 23. Qd5+ Qxd5 24. cxd5 Nc3 25.
Rb2 Rbe8 26. e3 fxe3 27. Bxe3 Nxd5 28. Rd2 Nxe3 29. fxe3 Rxe3 30. Rxd6 Bg4 31. Nd2 Be5 32. Rxf8+ Kxf8 33. Rd5 Be6 34. Rxa5 Re2 35. Nf3 Bc3 36.
Ra8+ Kg7 37. Bf1 Rb2 38. Bc4 Bg4 39. Ra7+ Kh6 40. Rf7 Bxf3 41. Rxf3 Bd4+ 42. Kf1 Rxa2 43. h3 Kg5 44. Rg3+ Kf4 45. Rd3 Be3 46. Ke1 g5 47. Kd1 h5 48. b4 Rb2 49. Rb3 Rd2+ 50. Ke1 g4 51. hxg4 hxg4 52. b5 g3 53. Bf1 g2 54.
Bxg2 Rxg2 55. b6 Kf3 56. Kd1 Rg8 57. b7 Rb8 58. Kc2 Ke4 59. Kc3 Kd5 60. Kd3 Bc5 61.
Kc2 Kc6 62. Kb1 Bb6 63. Kc2 Rxb7 64. Kd3 Rd7+ 65. Kc2 Bc5 66. Rd3 Rh7 67. Kb3 Rh4 68.
Kc2 Kb5 69. Kb3 Rb4+ 70. Kc2 Ra4 71. Rb3+ Kc4 72. Rc3+ Kd5 73. Rd3+ Bd4 74. Kb3 Ra1 75.
Kc2 Kc4 76. Rh3 Ra2+ 77. Kd1 Bc3 78. Rh4+ Kb3 79. Rh7 Bd4 80. Rh3+ Kc4 81. Ke1 Kd5 82. Kd1 Ke4 83. Rb3 Be3 84. Rb4+ Kf3 85. Rb3 Ke4 86. Rb4+ Kd3 87. Rb3+ Ke4 88. Rb4+ Kd3 89. Rb3+ Ke4 90. Rb4+ Kd5 91. Rb3 Bd4 92. Rh3 Kc4 93. Rf3 Bc3 94. Rh3 Bd4 95. Rf3 Kd5 96. Rb3 Kc4 97.
Rh3 Kd5 98. Rb3 Kc4 99. Rh3 Kd5 100. Rb3 Kc4 101. Rh3 Kd5 102. Rb3 1/2-1/2

[Event "*** Titled Tuesday 3|2 Blitz"]
[Site "Chess.com"]
[Date "2017.03.07"]
[Round "2"]
[White "Noukii"]
[Black "Incognito_Knight"]
[Result "0-1"]
[WhiteElo "2656"]
[BlackElo "2385"]
[TimeControl "180+2"]
[EndTime "13:26:30 PST"]
[Termination "Incognito_Knight won by resignation"]

1. d4 d5 2. c4 e6 3. Nf3 Nf6 4. g3 dxc4 5. Bg2 c5 6. O-O Nc6 7.
dxc5 Qxd1 8. Rxd1 Bxc5 9. Nbd2 c3 10. bxc3 O-O 11. Nb3 Be7 12. a4 Bd7 13. a5 Rac8 14. Nfd4 Nxd4 15. cxd4 Bc6 16. Bg5 Bxg2 17. Kxg2 Rc3 18. Rab1 Rd8 19. e3 Rd5 20. Bxf6 gxf6 21. Rdc1 Rxc1 22. Nxc1 Rxa5 23. Rxb7 Kf8 24. Nd3 Bd6 25.
Rd7 Ra6 26. Kf3 Ke8 27. Rb7 Ra2 28. h4 a5 29. Rb6 Kd7 30. Rb7+ Ke8 31. g4 a4 32. Ra7 a3 33. Nc5 Kf8 34. Nd7+ Kg7 35. g5 fxg5 36. hxg5 Bb4 37. Ne5 Be1 38. Ke4 Bxf2 39.
Rxf7+ Kg8 40. Ra7 Bh4 41. Kf4 Rg2 42. Ng4 a2 43. Nf6+ Kf8 44. Nxh7+ Ke8 45. Nf6+ Kd8 46. Ng4 Be1 47. g6 Bg3+ 48. Kf3 Bb8 49. Ra8 Rg3+ 50. Ke4 Rxg4+ 51. Kd3 Kd7 52. Rxa2 Rxg6 53. Rb2 Bc7 54. Ke4 Rg4+ 55. Kd3 Rh4 56. Rg2 Rh3 57. Ke4 Rh4+ 58. Kd3 Kd6 59. e4 Bb6 60. Rb2 Kc7 61. Rc2+ Kb7 62.
Rb2 Rh1 63. d5 e5 64. Rd2 Rh3+ 65. Kc4 Re3 66. Kb5 Rxe4 67. Rh2 Rd4 68. Rh7+ Bc7 69. Kc5 Rd1 70. Re7 Rc1+ 71. Kb5 Rd1 72. Kc5 Kc8 73. Kc6 Rc1+ 74. Kb5 Bd6 75. Re6 Kd7 76. Rh6 Rc5+ 77. Kb4 Rxd5+ 78. Kc4 Rd4+ 79. Kc3 Kc6 80.
Rg6 Kd5 81. Rh6 Ra4 82. Rg6 Ra3+ 0-1

[Event "*** Titled Tuesday 3|2 Blitz"]
[Site "Chess.com"]
[Date "2017.03.07"]
[Round "2"]
[White "Yaacovn"]
[Black "jncool68"]
[Result "1/2-1/2"]
[WhiteElo "2587"]
[BlackElo "2522"]
[TimeControl "180+2"]
[EndTime "13:27:30 PST"]
[Termination "Game drawn by agreement"]

1. d4 Nf6 2. Nf3 e6 3. c4 Bb4+ 4. Bd2 Qe7 5. g3 Nc6 6. a3 Bxd2+ 7. Qxd2 d6 8. Bg2 O-O 9. O-O e5 10. Nc3 Bg4 11. dxe5 dxe5 12. Nd5 Nxd5 13. cxd5 Bxf3 14. exf3 Nd4 15. Rae1 Qf6 16. f4 exf4 17. Re4 Nb5 18. Rxf4 Qh6 19. Qc2 Rac8 20. Rh4 Qg6 21. Qc5 c6 22. Be4 f5 23. dxc6 fxe4 24. Qxb5 bxc6 25. Qc4+ Rf7 26. Qxe4 Qxe4 27. Rxe4 Rb7 28. b4 a5 29.
bxa5 Ra8 30. Ra4 Rba7 31. Rc1 Rxa5 32. Rxa5 Rxa5 33. Rc3 Kf7 34. Kg2 Ke7 35. Rxc6 Rxa3 36. Rc7+ Kf6 37. h4 h5 38. Rc6+ Kf7 39. Rb6 g6 40. Rb8 Rc3 41. Ra8 Rb3 42. Ra2 Rc3 43. Re2 Ra3 44. Re3 Ra4 45. Kf3 Kf6 46. Rc3 Ra6 47.
Re3 Rb6 48. Re4 Ra6 49. Kf4 Rb6 50. f3 Rc6 51. Ra4 Rb6 52. Rc4 Ra6 53. Ke3 Re6+ 54.
Kd4 Re2 55. Rc6+ Kf5 56. Kd3 Rg2 57. Rc5+ Kf6 58. Rg5 Ra2 59. Ke3 Ra3+ 60. Kf2 Ra2+ 61. Kf1 Ra1+ 62. Kg2 Ra2+ 63. Kh3 Ra3 64. f4 Rb3 65.
Kg2 Rb2+ 66. Kf3 Rb3+ 67. Kg2 Rb2+ 68. Kf3 Rb3+ 69. Ke4 Rb4+ 70. Kd5 Rb3 71. Kd6 Rd3+ 72. Kc6 Rd4 73. Kc5 Rd3 74. Kc4 Rd1 75. Kc3 Ra1 76.
Kd3 Ra3+ 77. Kd4 Ra4+ 78. Kc5 Ra3 79. Kd4 Ra4+ 80. Kd5 Ra3 81. Kd6 Rd3+ 82. Kc7 Rd4 83. Kc6 Rd3 84. Kc5 Rd1 85. Kc4 Rc1+ 86. Kd3 Ra1 87.
Ke3 Ra3+ 88. Kf2 Ra2+ 89. Kf3 Ra3+ 90. Kg2 Ra2+ 91. Kh3 Ra3 92. Rb5 Rc3 93. Rb2 Ra3 94. Kg2 Kf5 95. Rb6 Ra2+ 96. Kh3 Ra3 97. Rc6 Rb3 98. Rc8 Kf6 99. Rc5 Ra3 100. Rb5 Rc3 101. Rb8 Ra3 102. Rf8+ Kg7 103. Rd8 Kf6 104. Rd6+ Kf7 105. Rb6 Kg7 106. Kg2 Ra2+ 107. Kh3 Ra3 108. Rc6 Rb3 109. Re6 Kf7 110. Re2 Kf6 111. Kg2 Ra3 112. Kf2 Rb3 113. Re3 Rb2+ 114. Kf3 Ra2 115. Rc3 Rb2 116. Rc6+ Kf5 117. Rc5+ Kf6 118. Rc3 Ra2 119. g4 hxg4+ 120. Kg3 Rb2 121. Ra3 Rc2 122. Ra6+ Kf5 123. Ra5+ Kf6 124. Kxg4 Rg2+ 125. Kf3 Rh2 126. Kg3 Rb2 127. Ra6+ Kf5 128. Ra5+ Kf6 129. Rc5 Ra2 130. Rc8 Rb2 131. Kf3 Ra2 132. Rb8 Rc2 133. Rb6+ Kf5 134. Rb5+ Kf6 135. Kg3 Ra2 136. Rc5 Rb2 137. Ra5 Rc2 138. h5 gxh5 139. Rxh5 Rc1 140. Ra5 Rb1 141. Kf3 Rf1+ 142. Kg4 Rg1+ 1/2-1/2